 Dungeon Crawl Stone Soup version 0.18-a0-1689-g473dde0 (webtiles) character file.

8975 Oddball22 the Covert (level 11, 0/60 HPs)
             Began as a Vine Stalker Assassin on Apr 5, 2016.
             Was a Priest of Dithmenos.
             Slain by a spiny frog (8 damage)
             ... on level 2 of the Lair of Beasts.
             The game lasted 00:37:46 (10225 turns).

Oddball22 the Covert (Vine Stalker Assassin)       Turns: 10225, Time: 00:37:46

Health: 0/60       AC:  6    Str: 18    XL:     11   Next: 39%
Magic:  0/30       EV: 17    Int: 11    God:    Dithmenos [***...]
Gold:   523        SH:  0    Dex: 19    Spells: 2 memorised, 19 levels left

rFire  . . .     SeeInvis .     L - +3 whip (elec)
rCold  . . .     Gourm    .     W - +1 leather armour of Parts Unknown {Str+4}
rNeg   . . .     Faith    .     (no shield)
rPois  .         Spirit   +     (no helmet)
rElec  .         Dismiss  .     d - +1 cloak
rCorr  .         Reflect  .     (no gloves)
SustAt .         Harm     .     (no boots)
MR     +....                    (no amulet)
Stlth  ++++++++..               y - ring of magical power
                                M - ring of stealth

@: wreathed by umbra, somewhat resistant to hostile enchantments,
extraordinarily stealthy
A: fangs 3, regeneration 2, magic shield, antimagic bite, no device heal 3, rot
immunity
a: Shadow Step, Renounce Religion


You were on level 2 of the Lair of Beasts.
You worshipped Dithmenos.
Dithmenos was most pleased with you.
You were hungry.

You visited 2 branches of the dungeon, and saw 12 of its levels.

You collected 523 gold pieces.

Inventory:

Hand Weapons
 b - a +0 blowgun
 t - a +0 long sword of slicing
 C - a +2 flail of crushing
 H - a +0 hand crossbow
 L - a +3 whip of electrocution (weapon)
 U - the cursed +1 war axe "Enefuez" {vamp, rPois Str+3}
   (You found it on level 8 of the Dungeon)

   It inflicts no extra harm, but heals its wielder somewhat when it strikes a
   living foe.
   It affects your strength (+3).
   It protects you from poison.
   It has a curse placed upon it.
Missiles
 e - 44 poisoned needles
 f - 10 curare-tipped needles
 w - 5 javelins of penetration (quivered)
Armour
 a - the +5 ring mail "Terhyes" {rPois rC- rN+, unknown}
   (You found it on level 9 of the Dungeon)

   It makes you vulnerable to cold.
   It protects you from poison.
   It protects you from negative energy.
 c - a +0 robe
 d - a +1 cloak (worn)
 W - the +1 leather armour of Parts Unknown (worn) {Str+4}
   (You found it on level 8 of the Dungeon)

   It affects your strength (+4).
Jewellery
 n - an uncursed ring of ice
 y - a ring of magical power (right hand)
 A - a +2 ring of strength {unknown}
 B - an uncursed ring of resist corrosion
 J - a +1 ring of protection
 M - a ring of stealth (left hand)
Wands
 m - a wand of iceblast (6/15)
 F - a wand of lightning (6/15)
 O - a wand of lightning (4/15)
 V - a wand of slowing (22/48)
Scrolls
 j - 3 scrolls of fear
 k - 8 scrolls of remove curse
 p - 7 scrolls of teleportation
 q - 5 scrolls of fog
 r - a scroll of recharging {unknown}
 u - 3 scrolls of enchant armour
 G - 2 scrolls of amnesia
Potions
 i - a potion of flight
 l - 3 potions of ambrosia
 o - 6 potions of curing
 v - 2 potions of berserk rage
 x - a potion of resistance
 E - a potion of might
 I - 3 potions of lignification
 K - a potion of magic
 N - a potion of haste
 P - a potion of cancellation
 R - 4 potions of brilliance {unknown}
 T - 2 potions of cure mutation {unknown}
Books
 z - a book of the Earth

   Spells                             Type                      Level
   a - Leda's Liquefaction            Hexes/Earth                  4
   b - Bolt of Magma                  Conjuration/Fire/Earth       5
   c - Statue Form                    Transmutation/Earth          6
   d - Iron Shot                      Conjuration/Earth            6
   e - Shatter                        Earth                        9
 D - a book of Air

   Spells                             Type                      Level
   a - Shock                          Conjuration/Air              1
   b - Swiftness                      Charms/Air                   2
   c - Repel Missiles                 Charms/Air                   2
   d - Static Discharge               Conjuration/Air              3
   e - Lightning Bolt                 Conjuration/Air              5
Comestibles
 g - 7 bread rations
 h - 4 meat rations
 s - 5 chunks of flesh
 Q - a slice of pizza
 S - 2 fruits


   Skills:
 + Level 8.8 Fighting
   Level 5.0 Short Blades
 - Level 1.7 Throwing
 + Level 6.8 Dodging
 * Level 11.2 Stealth
 - Level 6.6 Spellcasting
 + Level 3.9 Invocations


You had 19 spell levels left.
You knew the following spells:

 Your Spells              Type           Power        Failure   Level  Hunger
a - Repel Missiles        Chrm/Air       #.....       34%         2    ##.....
b - Swiftness             Chrm/Air       #.......     34%         2    ##.....


Dungeon Overview and Level Annotations

Branches:
Dungeon (10/15)            Temple (0/1) D:6            Lair (2/8) D:10
    Orc (0/2) D:10

Altars:
Ashenzari
Cheibriados
Dithmenos
Elyvilon
Gozag
Kikubaaqudgha
Nemelex Xobeh
Pakellas
Qazlal
Ru
Sif Muna
Trog
Vehumet
Zin

Shops:
D:10 (


Innate Abilities, Weirdness & Mutations

You have razor-sharp teeth.
You heal very quickly.
When hurt, damage is shared between your health and your magic reserves.
Your bite disrupts and absorbs the magic of your enemies.
Potions and wands cannot restore your health.
You are immune to rotting.


Message History

The spiny frog closely misses you. The giant frog barely misses you.
The giant frog closely misses you.
You whack the spiny frog! You bite the spiny frog! You drain its power.
The spiny frog is moderately wounded.
The spiny frog stings you. x2
You hit the spiny frog but do no damage.
Your bite misses the spiny frog.
The spiny frog is moderately wounded.
The spiny frog stings you!
* * * LOW HITPOINT WARNING * * *
You are too injured to fight recklessly!
You hit the spiny frog.
There is a sudden explosion of sparks!
You bite the spiny frog. You drain its power.
You feel invigorated.
The spiny frog is severely wounded.
The spiny frog stings you!!
* * * LOW HITPOINT WARNING * * *
You hit the spiny frog.
The spiny frog is almost dead.
The spiny frog stings you!
You die...

.##..P.............P.#...#
..........................
.##..P.#.###..###.#........
...........................
P#.#.#.##.##...##..........
...........................
......r.#.#.#.##..##..P##..
........####.##...##.### .#
........FF@............. ..
......[..###.#P.####..## .
.........#.###......#...
........................
...............#.....#.#
.......................
#....P.#.P....#...####.
....................
...####..##..#.......


You could see a spiny frog and a giant frog.

Vanquished Creatures
  Gastronok (Lair:2)
  A hill giant (D:10)
  Pikel (D:7)
  A spiny frog (Lair:1)
  A rime drake (Lair:1)
  A komodo dragon (Lair:1)
  The ghost of Oddball22 the Cutter, a novice VSAs of Dithmenos (D:5)
  A two-headed ogre (D:8)
  Prince Ribbit (D:7)
  A blink frog (D:10)
  Sigmund (D:6)
  A hungry ghost (D:8)
  A water moccasin (Lair:1)
  A porcupine (Lair:2)
  An orc warrior (D:10)
  3 sky beasts
  6 ice beasts
  A phantom (D:8)
  A slave (D:7)
  2 ogres
  An eye of draining (D:7)
  3 crocodiles
  2 centaurs
  A big kobold (D:7)
  Blork the orc (D:6)
  7 giant frogs
  A wyvern skeleton (D:8)
  2 scorpions
  11 killer bees
  A howler monkey (D:4)
  6 crimson imps
  2 jellies (D:10)
  5 hounds
  9 orc wizards
  3 orc priests
  2 giant frog skeletons
  7 iguanas
  5 worker ants
  8 sheep (Lair:1)
  A hound zombie (D:7)
  3 gnolls (D:7)
  13 adders
  An ooze (D:5)
  2 worms
  A dart slug (D:5)
  3 giant geckos
  21 orcs
  3 giant cockroaches
  11 hobgoblins
  3 jackals (D:3)
  4 kobolds
  6 quokkas
  A ball python (D:6)
  10 bats
  5 giant newts
  11 goblins
  A quokka zombie (D:5)
  4 rats
209 creatures vanquished.

Notes
Turn   | Place    | Note
--------------------------------------------------------------
     0 | D:1      | Oddball22 the Vine Stalker Assassin began the quest for the Orb.
     0 | D:1      | Reached XP level 1. HP: 11/11 MP: 2/2
   215 | D:1      | Reached skill level 5 in Stealth
   215 | D:1      | Reached XP level 2. HP: 14/15 MP: 3/3
   248 | D:1      | You fall through a shaft!
   289 | D:2      | Reached skill level 1 in Dodging
   304 | D:2      | Reached XP level 3. HP: 16/18 MP: 3/5
   812 | D:2      | Found a faded altar to an unknown god.
   891 | D:2      | Found a radiant altar of Vehumet.
   899 | D:2      | Found an ancient bone altar of Kikubaaqudgha.
   900 | D:2      | Found a deep blue altar of Sif Muna.
   904 | D:2      | Identified Sif Muna's Disquisition on Augmentations
   955 | D:2      | Reached skill level 1 in Spellcasting
  1507 | D:3      | Reached XP level 4. HP: 23/23 MP: 6/6
  1659 | D:3      | Found a white marble altar of Elyvilon.
  1816 | D:3      | Reached skill level 6 in Stealth
  2017 | D:3      | Found a glowing silver altar of Zin.
  2023 | D:3      | Found a stormy altar of Qazlal.
  2023 | D:3      | Found a shadowy altar of Dithmenos.
  2035 | D:3      | Found a sparkling altar of Nemelex Xobeh.
  2036 | D:3      | Found a snail-covered altar of Cheibriados.
  2041 | D:3      | Became a worshipper of Dithmenos the Shadowed
  2203 | D:4      | Reached XP level 5. HP: 19/27 MP: 5/8
  2253 | D:4      | Found an oddly glowing altar of Pakellas.
  2713 | D:4      | Gained mutation: You heal very quickly. [Vine Stalker growth]
  2713 | D:4      | Reached XP level 6. HP: 27/32 MP: 10/10
  2814 | D:4      | Reached skill level 7 in Stealth
  3146 | D:5      | Entered Level 5 of the Dungeon
  3185 | D:5      | Reached XP level 7. HP: 36/36 MP: 12/12
  3223 | D:5      | Found a sacrificial altar of Ru.
  3228 | D:5      | Reached * piety under Dithmenos
  3304 | D:5      | Noticed Oddball22's ghost (novice VSAs)
  3326 | D:5      | Killed Oddball22's ghost
  3326 | D:5      | Reached skill level 8 in Stealth
  3535 | D:5      | Gained mutation: You have razor-sharp teeth. [Vine Stalker growth]
  3535 | D:5      | Reached XP level 8. HP: 20/42 MP: 13/14
  3796 | D:5      | Found a shattered altar of Ashenzari.
  4309 | D:6      | Noticed Blork the orc
  4347 | D:6      | Noticed Sigmund
  4361 | D:6      | Killed Sigmund
  4420 | D:6      | Found a staircase to the Ecumenical Temple.
  4483 | D:6      | Killed Blork the orc
  4483 | D:6      | Reached skill level 5 in Fighting
  4937 | D:7      | Reached XP level 9. HP: 46/47 MP: 17/17
  5107 | D:7      | Reached skill level 5 in Spellcasting
  5149 | D:7      | Reached ** piety under Dithmenos
  5242 | D:7      | Noticed Prince Ribbit
  5289 | D:7      | Killed Prince Ribbit
  5581 | D:7      | Got an encrusted leather armour
  5850 | D:8      | Found a bloodstained altar of Trog.
  5971 | D:8      | Found an opulent altar of Gozag.
  6064 | D:8      | Got a dazzling war axe
  6436 | D:7      | Noticed Pikel
  6463 | D:7      | Killed Pikel
  6463 | D:7      | Reached skill level 5 in Dodging
  6728 | D:8      | Got a twisted leather armour
  6729 | D:8      | Identified the cursed +0 leather armour of Defiance {rC++ Int+4 Dex-2} (You found it on level 7 of the Dungeon)
  6770 | D:8      | Identified the +1 leather armour of Parts Unknown {Str+4} (You found it on level 8 of the Dungeon)
  6840 | D:8      | Noticed a two-headed ogre
  6999 | D:8      | Killed a two-headed ogre
  6999 | D:8      | Reached XP level 10. HP: 51/55 MP: 20/20
  7362 | D:8      | Reached skill level 5 in Short Blades
  7465 | D:9      | Found an opulent altar of Gozag.
  7794 | D:9      | Identified the cursed +1 war axe "Enefuez" {vamp, rPois Str+3} (You found it on level 8 of the Dungeon)
  8250 | D:9      | Got a slimy ring mail
  8306 | D:10     | Entered Level 10 of the Dungeon
  8320 | D:10     | Found a staircase to the Orcish Mines.
  8414 | D:10     | Noticed a hill giant
  8517 | D:10     | Found a staircase to the Lair.
  8542 | D:10     | Killed a hill giant
  8542 | D:10     | Reached skill level 9 in Stealth
  8542 | D:10     | Reached skill level 1 in Invocations
  8754 | D:10     | Reached *** piety under Dithmenos
  9004 | D:10     | Found Vuakh's Antique Weapon Shoppe.
  9267 | Lair:1   | Entered Level 1 of the Lair of Beasts
  9284 | Lair:1   | Reached skill level 10 in Stealth
  9388 | Lair:1   | Reached XP level 11. HP: 25/60 MP: 21/21
 10050 | Lair:1   | Learned a level 2 spell: Repel Missiles
 10053 | Lair:1   | Learned a level 2 spell: Swiftness
 10147 | Lair:2   | Noticed Gastronok
 10194 | Lair:2   | Found a shadowy altar of Dithmenos.
 10218 | Lair:2   | Killed Gastronok
 10218 | Lair:2   | Reached skill level 11 in Stealth
 10225 | Lair:2   | Slain by a spiny frog

Vault maps used:
D:1:      minmay_arrival_four_houses, dk_noncrumbling_3
D:2:      grunt_temple_overflow_magic_moments, ecumenical_altar_2, first_bread,
          grunt_ministairs_15
D:3:      minitemple, elyvilon_altar_4, kennysheep_generic_room_13
D:4:      grunt_pakellas_basics
D:5:      lemuel_doored_altar, nicolae_ru_great_annihilating_truth
D:6:      minmay_temple_entry_mist, uniq_sigmund, uniq_blork_the_orc
D:7:      uniq_prince_ribbit1, uniq_pikel
D:8:      lightli_temple_of_fire, basic_altar
D:9:      nicolae_gozag_seed_capital
D:10:     dpeg_lair_monsters, kennysheep_orc_monster_closet_entryway,
          serial_shops, nicolae_shop_stone
Lair:1:   st_stairs_13, serial_bayou_shore_b
Lair:2:   lemuel_oklob_altar, uniq_gastronok

Skill      XL: |  1  2  3  4  5  6  7  8  9 10 11 |
---------------+----------------------------------+-----
Fighting       | 2 3 5 7 8 |  8.8
Stealth        | 5 6 7 8 10 11 | 11.2
Dodging        | 1 2 3 4 5 6 |  6.8
Spellcasting   | 1 2 3 4 6 |  6.6
Short Blades   | 3 4 5 |  5.0
Invocations    | 3 |  3.9
Throwing       | |  1.7

Action                   |  1- 3 |  4- 6 |  7- 9 | 10-12 || total
-------------------------+-------+-------+-------+-------++-------
Melee: Dagger            |    76 |   156 |    38 |       ||   270
       Long sword        |       |    24 |   278 |   156 ||   458
       Flail             |       |       |    17 |       ||    17
       Whip              |       |       |    12 |   138 ||   150
 Fire: Blowgun           |     2 |     7 |    47 |    11 ||    67
Throw: Javelin           |       |       |     4 |       ||     4
Invok: Shadow Step       |       |       |       |     1 ||     1
  Use: Scroll            |       |     6 |     8 |    12 ||    26
       Potion            |       |     1 |     3 |       ||     4
 Stab: Sleeping          |     8 |    12 |    11 |    13 ||    44
       Distracted        |       |       |     1 |       ||     1
  Eat: Chunk             |     2 |     5 |    10 |    10 ||    27
       Fruit             |       |       |     2 |       ||     2
       Royal jelly       |       |       |       |     1 ||     1
       Beef jerky        |       |       |       |     1 ||     1
